 Dungeon Crawl Stone Soup version 0.31-a0-859-g9dce7d3444 (webtiles) character file.

Game seed: 15793219427823982649

5630 EiAlmux the Thaumaturge (level 10, -13/56 HPs)
             Began as a Deep Elf Conjurer on Oct 10, 2023.
             Was a Believer of Vehumet.
             Mangled by an orc warlord
             ... wielding a +5 battleaxe
              (17 damage)
             ... in a bailey.
             The game lasted 00:33:10 (9248 turns).

EiAlmux the Thaumaturge (Deep Elf Conjurer)         Turns: 9248, Time: 00:33:10

Health: -13/56     AC: 10    Str:  6    XL:     10   Next: 46%
Magic:  4/25       EV: 14    Int: 26    God:    Vehumet [**....]
Gold:   293        SH:  0    Dex: 13    Spells: 16/27 levels left

rFire   + . .        v - staff of conjuration
rCold   + . .        (no shield)
rNeg    . . .        f - +3 leather armour
rPois   .            A - +1 helmet
rElec   .            u - scarf {rC+ rF+}
rCorr   .            a - +0 pair of gloves
SInv    .            t - +0 pair of boots
Will    ++...        F - amulet of magic regeneration
Stlth   +++          s - ring of willpower
HPRegen 0.29/turn    w - ring of wizardry
MPRegen 0.59/turn

%: wizardry (x1)
@: hasted, very quick
A: no striking features
a: Renounce Religion


You were in a bailey.
You worshipped Vehumet.
Vehumet was pleased with you.
You visited 2 branches of the dungeon, and saw 10 of its levels.
You also visited: Bailey.

You collected 413 gold pieces.
You spent 120 gold pieces at shops.

Inventory:

Hand Weapons
 d - a +2 dagger of draining
 o - the +8 short sword "Lahoum" {freeze, Str+5}
   (You found it on level 2 of the Dungeon)

   Str+5:     It affects your strength (+5).
Armour
 a - a +0 pair of gloves (worn)
 f - a +3 leather armour (worn)
 i - a +0 cloak
 n - a +1 robe of positive energy
 t - a +0 pair of boots (worn)
 u - a scarf of resistance (worn)
 A - a +1 helmet (worn)
Magical Staves
 v - a staff of conjuration (weapon)
Jewellery
 s - a ring of willpower (left hand)
 w - a ring of wizardry (right hand)
 x - a ring of positive energy
 y - an amulet of regeneration
 F - an amulet of magic regeneration (around neck)
Wands
 C - a wand of charming (19)
Scrolls
 b - 2 scrolls of immolation
 c - a scroll of torment {unknown}
 e - 3 scrolls of blinking
 g - a scroll of noise
 j - 5 scrolls of teleportation
 k - 4 scrolls of fear
 m - a scroll of brand weapon
 p - 2 scrolls of fog {unknown}
 E - a scroll of enchant armour {unknown}
Potions
 h - 2 potions of mutation {unknown}
 l - 2 potions of resistance
 q - a potion of lignification {unknown}
 r - a potion of berserk rage {unknown}
 z - 3 potions of curing
 B - 2 potions of might {unknown}
 D - a potion of heal wounds {unknown}
 H - a potion of magic
 I - a potion of invisibility {unknown}


   Skills:
 + Level 4.1 Fighting
 + Level 2.2 Armour
 + Level 8.1 Dodging
 - Level 8.0 Stealth
 - Level 4.0 Shields
 + Level 9.3 Spellcasting
 + Level 8.6 Conjurations
 - Level 4.0 Hexes
 - Level 3.0 Translocations


You had 16 spell levels left.
You knew the following spells:

 Your Spells              Type           Power      Damage    Failure   Level
a - Magic Dart            Conj           100%       1d8       1%          1
b - Searing Ray           Conj           100%       2d8       1%          2
c - Fulminant Prism       Conj/Hex       30%        3d16      2%          4
d - Iskenderun's Mystic   Conj/Tloc      59%        2d12      2%          4

Your spell library contained the following spells:

 Spells                   Type           Power      Damage    Failure   Level
 Momentum Strike          Conj/Tloc      100%       3d10      1%          2
 Slow                     Hex            100%       N/A       1%          1
 Confusing Touch          Hex            32%        N/A       1%          3
 Dazzling Flash           Conj/Hex       100%       N/A       1%          3
 Sigil of Binding         Hex            32%        N/A       1%          3
 Vampiric Draining        Necr           12%        2d6       9%          3
 Animate Dead             Necr           12%        N/A       28%         4
 Borgnjor's Vile Clutch   Necr/Erth      6%         N/A       61%         5
 Death Channel            Necr           6%         N/A       98%         6


Dungeon Overview and Level Annotations

Branches:
Dungeon (9/15)             Temple (1/1) D:7          Bailey (1/1)
   Lair: D:8-11         Orc: D:9-12

Altars:
Ashenzari
Cheibriados
Dithmenos
Elyvilon
Fedhas
Gozag
Hepliaklqana
Kikubaaqudgha
Makhleb
Nemelex Xobeh
Okawaru
Qazlal
Ru
Sif Muna
Trog
Uskayaw
Vehumet
Wu Jian
Xom
Yredelemnul
Zin
The Shining One

Shops:
D:1 (   D:5 *

Annotations:
D:1 1 runed translucent door
D:3 1 runed translucent door, Ethylacetat's ghost, amateur VSSh
D:5 3 runed translucent doors, exclusion: steam dragon, EiAlmux's ghost, novice OpSh; Klightning's ghost, novice DrSh
D:7 2 transporters, BritishOli's ghost, novice DsFi


Message History

The mystic blast hits the orc warlord!!
The orc warlord is heavily wounded.
The orc warlord is knocked back by the mystic blast.
Casting: Iskenderun's Mystic Blast (dangerous; 2% risk of failure)
Confirm with . or Enter, or press ? or * to list all spells.
Aiming: Fulminant Prism (dangerous; 2% risk of failure)
Press: ? - help, Dir - move target You feel a surge of power!
You conjure a prism of explosive energy!
A fulminant prism comes into view.
Your fulminant prism crackles loudly.
Casting: Fulminant Prism (dangerous; 2% risk of failure)
Confirm with . or Enter, or press ? or * to list all spells.
You feel a surge of power!
You erupt in a blast of force!
The mystic blast hits the orc warlord.
The orc warlord is heavily wounded.
The orc warlord is knocked back by the mystic blast.
Your fulminant prism explodes!
The blast of energy engulfs the orc warlord!
The orc warlord is heavily wounded.
A goblin comes into view. It is wielding a +0 hand axe.
Casting: Iskenderun's Mystic Blast (dangerous; 2% risk of failure)
Confirm with . or Enter, or press ? or * to list all spells.
Aiming: Fulminant Prism (dangerous; 2% risk of failure)
Press: ? - help, Dir - move target You feel a surge of power!
You conjure a prism of explosive energy!
A fulminant prism comes into view.
The orc warlord hits you with a +5 battleaxe!!
Your fulminant prism crackles loudly.
Your fulminant prism explodes!
The orc warlord attacks as it pursues you!
The orc warlord hits you with a +5 battleaxe!!
Ouch! That really hurt!
* * * LOW HITPOINT WARNING * * *
Things that are here:
a +0 hand axe; a +0 leather armour You feel yourself speed up.
The orc warlord hits you with a +5 battleaxe!
You die...

##'#### #### ##.....##
##... #.......# #....
##.......##.. ....##....
#.........#.......#.....
##.........###...###.....
#.....⌠.....###'###...).⌠
##.........##88g88##.....
#......@..#..)....#.....
##......o##.......##....
#......)'...).....'....
##.....##)).).....##...
#######.....⌠.....####
##.........## #.........#
##.......## #.......#


You could see an orc warlord.

Vanquished Creatures
  An orc knight (Bailey)
  A wraith (D:7)
  6 yaks (D:9)
  2 water moccasins
  An acid dragon (D:9)
  10 orc warriors (Bailey)
  A black bear (D:7)
  2 ogres (D:5)
  2 centaurs
  2 phantoms (D:5)
  2 kobold brigands
  A bullfrog (D:7)
  2 scorpions (D:5)
  10 wights
  12 killer bees
  2 howler monkeys
  3 hounds
  4 jellies
  Jessica (D:2)
  2 iguanas (D:6)
  A sleepcap (D:6)
  9 orc wizards
  2 hell rats (D:8)
  4 adders
  12 gnolls
  2 river rats (D:8)
  2 white imps (D:6)
  An ufetubus (D:5)
  A worm (D:3)
  5 dart slugs
  23 orcs
  6 bats
  4 endoplasms
  5 giant cockroaches
  22 goblins
  16 hobgoblins
  6 jackals
  5 quokkas
  9 ball pythons
  3 frilled lizards
  5 kobolds
  4 rats
214 creatures vanquished.

Vanquished Creatures (others)
  41 fulminant prisms
41 creatures vanquished.

Grand Total: 255 creatures vanquished

Notes
Turn   | Place    | Note
-------+----------+-------------------------------------------
     0 | D:1      | EiAlmux the Deep Elf Conjurer began the quest for the Orb.
     0 | D:1      | Reached XP level 1. HP: 10/10 MP: 6/6
     1 | D:1      | Found a runed translucent door.
     2 | D:1      | Noticed a jelly
   175 | D:1      | Reached XP level 2. HP: 16/16 MP: 6/8
   178 | D:1      | Learned a level 2 spell: Searing Ray
   393 | D:1      | Reached skill level 1 in Fighting
   768 | D:1      | Found Vyqolag's Weapon Shop.
   807 | D:1      | Reached XP level 3. HP: 20/20 MP: 6/9
  1105 | D:2      | Found a faded altar of an unknown god.
  1316 | D:2      | Identified the +8 short sword "Lahoum" {freeze, Str+5}
  1703 | D:2      | Noticed Jessica
  1705 | D:2      | Killed Jessica
  1706 | D:2      | Reached XP level 4. HP: 26/26 MP: 8/11
  2424 | D:3      | Found a runed translucent door.
  2424 | D:3      | Noticed Ethylacetat's ghost (amateur VSSh)
  2507 | D:3      | Reached skill level 4 in Spellcasting
  2720 | D:3      | Found a shadowy altar of Dithmenos.
  3068 | D:3      | Learned a level 4 spell: Fulminant Prism
  3073 | D:3      | Learned a level 4 spell: Iskenderun's Mystic Blast
  3173 | D:4      | Reached skill level 5 in Conjurations
  3173 | D:4      | Reached skill level 1 in Hexes
  3181 | D:4      | Reached XP level 5. HP: 25/30 MP: 2/13
  3385 | D:4      | Found a glowing silver altar of Zin.
  4196 | D:5      | Entered Level 5 of the Dungeon
  4205 | D:5      | Noticed a steam dragon
  4244 | D:5      | Found Keneddie's General Store.
  4252 | D:5      | Bought a potion of haste for 120 gold pieces
  4261 | D:5      | Noticed a phantom
  4272 | D:5      | Killed a phantom
  4273 | D:5      | Reached XP level 6. HP: 25/35 MP: 6/14
  4452 | D:5      | Found a hide-covered altar of Uskayaw.
  4460 | D:5      | Reached skill level 5 in Spellcasting
  4461 | D:5      | Reached skill level 1 in Translocations
  4461 | D:5      | Reached XP level 7. HP: 28/40 MP: 5/16
  4565 | D:5      | Reached skill level 5 in Stealth
  5189 | D:5      | Reached XP level 8. HP: 44/44 MP: 13/18
  5242 | D:5      | Noticed a +0 hand axe
  5242 | D:5      | Noticed a +0 dagger
  5246 | D:5      | Found a hide-covered altar of Uskayaw.
  5303 | D:5      | Found a runed translucent gate.
  5303 | D:5      | Found a runed translucent gate.
  5303 | D:5      | Found a runed translucent gate.
  5304 | D:5      | Noticed EiAlmux's ghost (novice OpSh)
  5306 | D:5      | Noticed Klightning's ghost (novice DrSh)
  5614 | D:6      | Reached skill level 1 in Armour
  5614 | D:6      | Reached skill level 6 in Spellcasting
  5659 | D:6      | Reached skill level 1 in Shields
  5662 | D:6      | Reached skill level 5 in Dodging
  6157 | D:6      | Found an ancient bone altar of Kikubaaqudgha.
  6437 | D:7      | Found a blossoming altar of Fedhas.
  6487 | D:7      | Noticed a komodo dragon
  6489 | D:7      | Noticed BritishOli's ghost (novice DsFi)
  6562 | D:7      | Found a transporter.
  6643 | D:7      | Found a transporter.
  6680 | D:7      | Reached XP level 9. HP: 46/50 MP: 3/21
  6971 | D:7      | Found a radiant altar of Vehumet.
  7011 | D:7      | Found a staircase to the Ecumenical Temple.
  7046 | D:7      | Became a worshipper of Vehumet
  7397 | D:7      | Reached skill level 7 in Spellcasting
  7743 | Temple   | Entered the Ecumenical Temple
  7823 | D:8      | Noticed a death yak
  7914 | D:8      | Noticed a death yak
  7922 | D:8      | Noticed a death yak
  8541 | D:9      | Reached skill level 8 in Spellcasting
  8647 | D:9      | Reached * piety under Vehumet
  8647 | D:9      | Offered knowledge of Freeze by Vehumet.
  8649 | D:9      | Reached XP level 10. HP: 31/56 MP: 13/24
  8824 | D:9      | Found a flagged portal.
  8833 | Bailey   | Entered a bailey
  8973 | Bailey   | Offered knowledge of Momentum Strike by Vehumet.
  9011 | Bailey   | Reached ** piety under Vehumet
  9028 | Bailey   | Noticed an orc knight
  9043 | Bailey   | Killed an orc knight
  9044 | Bailey   | Reached skill level 9 in Spellcasting
  9229 | Bailey   | Noticed an orc warlord
  9248 | Bailey   | Mangled by an orc warlord

Illustrated notes

Levels and vault maps discovered:
D:1:      dpeg_arrival_caged_fury, layout_basic, serial_shops,
          nicolae_diamond_shop
D:2:      layout_loops_corners, nicolae_ecumenical_oubliette,
          minmay_heptomino_h4, uniq_jessica
D:3:      layout_loops_ring, grunt_dithmenos_smoke, gammafunk_ghost_grave,
          minmay_misc_feat_cross
D:4:      layout_basic, mainiacjoe_overflow_alcove_4
D:5:      layout_basic, dancing_weapons_uskayaw, gammafunk_ghost_cemetery,
          serial_shops, shop, kennysheep_small_circle
D:6:      layout_cave_pools, mainiacjoe_overflow_concentric_impassable
D:7:      layout_layer_cave, lemuel_round_altar, nicolae_vehumet_radiance,
          temple_hall, nzn_ghost_randoct
D:8:      layout_basic, dpeg_lair_monsters, kennysheep_decorative_pillar
D:9:      wad_woods_minihive, layout_basic, enter_bailey_4, chequers_big_river,
          nzn_sisyphean_effort
Temple:   nicolae_temple_x_marks_the_god
Bailey:   bailey_axe_minmay_hex_keep, bailey

Skill      XL: |  1  2  3  4  5  6  7  8  9 10 |
---------------+-------------------------------+-----
Fighting       | 1 2 3 4 |  4.1
Stealth        | 3 4 5 6 7 8 |  8.0
Spellcasting   | 4 5 6 8 9 |  9.3
Conjurations   | 5 6 7 8 |  8.6
Hexes          | 1 3 4 |  4.0
Dodging        | 3 4 5 7 8 |  8.1
Translocations | 1 3 |  3.0
Armour         | 2 |  2.2
Shields        | 2 3 4 |  4.0

Action                     |  1- 3 |  4- 6 |  7- 9 | 10-12 || total
---------------------------+-------+-------+-------+-------++-------
  Melee: Staff             |       |     2 |     5 |       ||     7
         Punch             |       |       |     1 |       ||     1
   Cast: Magic Dart        |    69 |    76 |    91 |    80 ||   316
         Searing Ray       |       |     9 |    27 |     8 ||    44
         Iskenderun's Myst |       |     2 |    11 |    10 ||    23
         Fulminant Prism   |       |     1 |    23 |    17 ||    41
    Use: Scroll            |       |     6 |     3 |     1 ||    10
         Potion            |       |     1 |     1 |     1 ||     3
 Armour: Robe              |     3 |    16 |    57 |     6 ||    82
         Leather armour    |       |       |       |    11 ||    11
  Dodge: Dodged            |       |    16 |    59 |    16 ||    91

Table legend: (Time is in decaauts)
 A = Elapsed time spent in this place.
 B = Non-inter-level travel time spent in this place.
 C = Inter-level travel time spent in this place.
 D = Time resting spent in this place.
 E = Time spent auto-exploring this place.
 F = Levels seen in this place.
 G = Mean time per level.
                   A        B        C        D        E       F      G
               +--------+--------+--------+--------+--------+-----+--------+
         Total |   9260 |   8707 |    553 |   1051 |   6322 |  11 |  841.8 |
       Dungeon |   8844 |   8291 |    553 |   1012 |   6154 |   9 |  982.7 |
        Temple |      1 |      1 |      0 |      0 |      0 |   1 |    1.0 |
        Bailey |    414 |    414 |      0 |     39 |    168 |   1 |  414.0 |
               +--------+--------+--------+--------+--------+-----+--------+

Top non-repeatable levels by time:
     D:7: 1447 daAuts
     D:5: 1377 daAuts
     D:1: 1133 daAuts
     D:2: 1116 daAuts
     D:4: 1107 daAuts
     D:3: 876 daAuts
     D:6: 872 daAuts
     D:8: 663 daAuts
  Bailey: 414 daAuts
     D:9: 249 daAuts
  Temple: 1 daAuts
